 Dungeon Sprint DCSS version 0.29.1-15-g9cfb28693d (webtiles) character file.

Game seed: 16591256081302477591

157981 fozzywoppz the Slayer (level 15, -1/171 HPs)
             Began as a Minotaur Gladiator on Mar 10, 2023.
             Was a High Priest of Okawaru.
             Slain by fozzywoppz's illusion (illusionary) (20 damage)
             ... woven by Mara
             ... in the Dungeon (Sprint IX: "|||||||||||||||||||||||||||||") on Mar 11, 2023.
             The game lasted 00:27:53 (7255 turns).

fozzywoppz the Slayer (Minotaur Gladiator)          Turns: 7255, Time: 00:27:55

Health: -1/171     AC: 28    Str: 29    XL:     15   Next: 62%
Magic:  18/21      EV: 21    Int:  5    God:    Okawaru [*****.]
Gold:   1780       SH:  0    Dex: 13    Spells: 14/14 levels left

rFire   + . .      SeeInvis .   B - +1 battleaxe of the Dead {freeze, rN+}
rCold   + + +      Faith    .   (shield currently unavailable)
rNeg    + . .      Spirit   .   A - +0 chain mail of the Garden {rC+++ Str+4 Stlth-}
rPois   +          Reflect  .   c - +0 hat
rElec   .          Harm     .   T - +2 cloak {Stlth+}
rCorr   .          Rampage  .   G - +1 pair of gloves
Will    +....      NoTele   +   t - +1 pair of boots
Stlth   ..........              P - amulet of the acrobat
HPRegen 0.38/turn               D - ring of protection from fire
MPRegen 0.17/turn               F - ring of poison resistance

@: heroic, hasted, very quick
A: horns 2, retaliatory headbutt
}: 4/17 runes: decaying, serpentine, barnacled, gossamer
a: Renounce Religion, Heroism, Finesse


You were in the Dungeon.
You worshipped Okawaru.
Okawaru was extremely pleased with you.
You visited 1 branch You collected 1910 gold pieces.
You spent 130 gold pieces at shops.

Inventory:

Hand Weapons
 a - the +5 quarterstaff of Courage {spect, rN+ MP+9 Str+2 Dex+2}
   (Okawaru gifted it to you in the Dungeon)

   When its wielder attacks, the weapon's spirit leaps out and strikes again.
   The spirit shares a part of any damage it takes with its wielder.
   Str:       It affects your strength (+2).
   Dex:       It affects your dexterity (+2).
   rN:        It protects you from negative energy.
   MP:        It affects your magic capacity (+9).
 n - a +3 vorpal broad axe
 o - the +2 morningstar "Zoimut" {flame, rF+}
   (You found it in the Dungeon)

   It burns those it strikes, dealing additional fire damage.
   rF:        It protects you from fire.
 r - a +0 executioner's axe
 z - a +2 battleaxe of electrocution
 B - the +1 battleaxe of the Dead (weapon) {freeze, rN+}
   (Okawaru gifted it to you in the Dungeon)

   It freezes those it strikes, dealing additional cold damage.
   It can also slow down cold-blooded creatures.
   rN:        It protects you from negative energy.
 I - a +2 battleaxe of freezing
Missiles
 d - 3 throwing nets
 e - 17 javelins
 q - 3 datura-tipped darts
 y - 5 silver boomerangs (quivered)
Armour
 c - a +0 hat (worn)
 p - a +3 kite shield of protection
 t - a +1 pair of boots (worn)
 A - the +0 chain mail of the Garden (worn) {rC+++ Str+4 Stlth-}
   (Okawaru gifted it to you in the Dungeon)

   Str:       It affects your strength (+4).
   rC:        It renders you almost immune to cold.
   Stlth:     It makes you less stealthy.
 G - a +1 pair of gloves (worn)
 H - the +9 plate armour of Qujoeng {rC- Str+7 Dex+2 SInv}
   (You found it in the Dungeon)

   Str:       It affects your strength (+7).
   Dex:       It affects your dexterity (+2).
   rC:        It makes you vulnerable to cold.
   SInv:      It lets you see invisible.
 K - the +2 cloak of the Jackalope {Rampage Regen+ Dex-5 Stlth+}
   (Okawaru gifted it to you in the Dungeon)

   Dex:       It affects your dexterity (-5).
   Regen:     It increases your rate of health regeneration.
   Rampage:   It bestows one free step when moving towards enemies.
   Stlth:     It makes you more stealthy.
 R - a +3 tower shield
 S - a +5 plate armour
 T - a +2 cloak of stealth (worn)
Jewellery
 C - a ring of willpower
 D - a ring of protection from fire (left hand)
 F - a ring of poison resistance (right hand)
 L - a +4 ring of protection
 N - a +6 ring of dexterity
 P - an amulet of the acrobat (around neck)
Wands
 m - a wand of iceblast (17)
Scrolls
 k - 3 scrolls of blinking
 l - 3 scrolls of amnesia
 u - 4 scrolls of enchant weapon
 v - a scroll of fear
 w - 4 scrolls of identify
 x - 2 scrolls of butterflies
Potions
 b - a potion of haste
 f - 5 potions of curing
 g - 3 potions of heal wounds
 h - 4 potions of mutation
 i - 4 potions of magic
 j - a potion of invisibility
 s - a potion of berserk rage


   Skills:
 + Level 25.9(27) Fighting
 + Level 25.9(27) Axes
 + Level 19.2(24.2) Throwing
 + Level 22.3(27) Armour
 + Level 22.4(27) Dodging
 + Level 10.9(15.9) Shields
 - Level 10.0 Invocations


You had 14 spell levels left.
You didn't know any spells.
Your spell library contained the following spells:

 Spells                   Type           Power      Damage    Failure   Level
 Ensorcelled Hibernation  Hex/Ice        0%         N/A       86%         2
 Spider Form              Tmut/Pois      0%         N/A       97%         3
 Anguish                  Hex/Necr       0%         N/A       100%        4


Dungeon Overview and Level Annotations

Branches:
Dungeon (1/1)

Altars:
Cheibriados
Dithmenos
Elyvilon
Fedhas
Gozag
Hepliaklqana
Kikubaaqudgha
Makhleb
Nemelex Xobeh
Okawaru
Qazlal
Ru
Sif Muna
Trog
Uskayaw
Vehumet
Wu Jian
Xom
Yredelemnul
Zin
The Shining One
Jiyva
Lugonu

Shops:
D *((?

Annotations:
D Mara


Innate Abilities, Weirdness & Mutations

You have a pair of horns on your head.
You reflexively headbutt those who attack you in melee.


Message History

You completely miss Mara. You miss fozzywoppz's illusion.
Fozzywoppz's illusion is heavily wounded.
You hit Mara but do no damage.
Mara blinks!
Mara hits you with a +1 demon whip of pain.
* * * LOW HITPOINT WARNING * * *
You writhe in agony.
* * * LOW HITPOINT WARNING * * *
You slice Mara!! You freeze Mara!
You kill Mara!
Mara shimmers and vanishes!
You closely miss fozzywoppz's illusion.
Fozzywoppz's illusion hits you but does no damage.
Mara says, "Entranced by some poetic flight, are you?"
Things that are here:
a +1 vorpal great sword; a +0 chain mail Unknown command.
You completely miss fozzywoppz's illusion.
Your headbutt misses fozzywoppz's illusion.
Fozzywoppz's illusion is heavily wounded.
You hit fozzywoppz's illusion but do no damage.
Fozzywoppz's illusion is heavily wounded.
You slice fozzywoppz's illusion!! You headbutt fozzywoppz's illusion.
Fozzywoppz's illusion is severely wounded.
Fozzywoppz's illusion hits you!!
* * * LOW HITPOINT WARNING * * *
You hit fozzywoppz's illusion.
You headbutt fozzywoppz's illusion, but do no damage.
Fozzywoppz's illusion is severely wounded.
You carve fozzywoppz's illusion like a ham!!!
Fozzywoppz's illusion is almost dead.
You feel much better.
Your hands slow down.
Fozzywoppz's illusion misses you.
You miss fozzywoppz's illusion.
You headbutt fozzywoppz's illusion, but do no damage.
Fozzywoppz's illusion is almost dead.
Mara weaves an illusion.
Mara shimmers and seems to become three!
Fozzywoppz's illusion hits you!!
You die...

▓▓▓▓▓▓▓▓▓▓▓▓
▓..@@.RRR..(
▓.▓▓▓▓♣♣♣♣♣♣♣♣♣♣♣♣♣♣
▓....'.......†....[†
▓▓▓▓▓▓♣♣♣♣♣♣♣♣♣♣♣♣♣♣
▓...................
▓.▓▓▓▓▓▓▓▓▓▓▓▓▓▓▓▓▓▓
▓..........'........
▓▓▓▓▓▓▓▓▓▓▓▓▓▓▓▓▓▓▓▓
▓...................


You could see 3 Maras and fozzywoppz's illusion.

Vanquished Creatures
  Jory (D)
  Nikola (D)
  Rupert (D)
  A tengu reaver (D)
  Ilsuiw (D)
  4 nagarajas (D)
  2 frost giants (D)
  An emperor scorpion (D)
  4 vault wardens (D)
  4 ghost moths (D)
  An ironbound thunderhulk (D)
  5 very ugly things (D)
  3 stone giants (D)
  3 ironbound preservers (D)
  2 ettins (D)
  A spark wasp (D)
  4 merfolk impalers (D)
  3 merfolk javelineers (D)
  Erolcha (D)
  2 great orbs of eyes (D)
  A rakshasa (D)
  A boulder beetle (D)
  An ice dragon (D)
  A yaktaur captain (D)
  A ghost crab (D)
  6 ogre magi (D)
  8 hydras (D)
  A spriggan air mage (D)
  An alligator snapping turtle (D)
  2 centaur warriors (D)
  2 ironbound frosthearts (D)
  2 merfolk aquamancers (D)
  A merfolk avatar (D)
  An anaconda (D)
  2 deep troll shamans (D)
  3 two-headed ogres (D)
  3 naga warriors (D)
  2 alligators (D)
  2 shock serpents (D)
  3 deep troll earth magi (D)
  A death yak (D)
  2 naga sharpshooters (D)
  A hell knight (D)
  A sea snake (D)
  2 goliath frogs (D)
  3 steelbarb worms (D)
  4 swamp dragons (D)
  2 glowing orange brains (D)
  A wizard (D)
  3 lindwurms (D)
  A necromancer (D)
  6 ugly things (D)
  A will-o-the-wisp (D)
  6 wolf spiders (D)
  3 cyclopes (D)
  2 manticores (D)
  3 moths of wrath (D)
  2 naga magi (D)
  Joseph (D)
  A merfolk siren (D)
  6 black mambas (D)
  A guardian serpent (D)
  A water nymph (D)
  2 cane toads (D)
  A vault sentinel (D)
  2 demonic crawlers (D)
  2 komodo dragons (D)
  A freezing wraith (D)
  A tengu conjurer (D)
  A merfolk (D)
  A troll (D)
  A wind drake (D)
  4 polar bears (D)
  A tyrant leech (D)
  A hornet (D)
  A dream sheep (D)
  A jumping spider (D)
  A water elemental (D)
  A culicivora (D)
  A wraith (D)
  2 yaks (D)
  3 redbacks (D)
  3 nagas (D)
  2 water moccasins (D)
  2 swamp drakes (D)
  12 orc warriors (D)
  7 black bears (D)
  A wolf (D)
  4 ogres (D)
  A phantom (D)
  4 bullfrogs (D)
  A howler monkey (D)
  2 orc priests (D)
  A hound (D)
  An iguana (D)
  3 orc wizards (D)
  A dart slug (D)
  10 orcs (D)
  A hobgoblin (D)
  A ball python (D)
  A frilled lizard (D)
  A rat (D)
230 creatures vanquished.

Vanquished Creatures (others)
  A merfolk javelineer (D)
  A goliath frog (D)
  A spriggan druid (D)
  A shadow (D)
  3 foxfires (D)
7 creatures vanquished.

Grand Total: 237 creatures vanquished

Notes
Turn   | Place    | Note
-------+----------+-------------------------------------------
     0 | D        | fozzywoppz the Minotaur Gladiator began the quest for the
                  | Orb.
     0 | D        | Reached XP level 1. HP: 18/18 MP: 0/0
     6 | D        | Reached skill level 1 in Armour
    19 | D        | Noticed a hound
    19 | D        | Noticed a phantom
    19 | D        | Noticed an iguana
    19 | D        | Noticed a black bear
    23 | D        | Reached XP level 2. HP: 11/26 MP: 1/1
    24 | D        | Killed a black bear
    25 | D        | Reached skill level 5 in Fighting
    25 | D        | Reached skill level 5 in Armour
    25 | D        | Reached skill level 5 in Dodging
    25 | D        | Reached XP level 3. HP: 16/37 MP: 2/2
    25 | D        | Reached XP level 4. HP: 19/44 MP: 3/3
    31 | D        | Killed a phantom
    32 | D        | Reached XP level 5. HP: 7/52 MP: 4/4
   303 | D        | Found a snail-covered altar of Cheibriados.
   303 | D        | Found a shadowy altar of Dithmenos.
   303 | D        | Found a white marble altar of Elyvilon.
   303 | D        | Found a blossoming altar of Fedhas.
   303 | D        | Found an opulent altar of Gozag.
   304 | D        | Found a hazy altar of Hepliaklqana.
   305 | D        | Found a viscous altar of Jiyva.
   306 | D        | Found an ancient bone altar of Kikubaaqudgha.
   307 | D        | Found a corrupted altar of Lugonu.
   308 | D        | Found a burning altar of Makhleb.
   309 | D        | Found a sparkling altar of Nemelex Xobeh.
   310 | D        | Found an iron altar of Okawaru.
   311 | D        | Found a stormy altar of Qazlal.
   312 | D        | Found a sacrificial altar of Ru.
   313 | D        | Found a shimmering blue altar of Sif Muna.
   314 | D        | Found a bloodstained altar of Trog.
   315 | D        | Found a hide-covered altar of Uskayaw.
   316 | D        | Found a radiant altar of Vehumet.
   317 | D        | Found an ornate altar of the Wu Jian Council.
   318 | D        | Became a worshipper of Warmaster Okawaru
   319 | D        | Found a shimmering altar of Xom.
   320 | D        | Found a basalt altar of Yredelemnul.
   321 | D        | Found a glowing silver altar of Zin.
   322 | D        | Found a glowing golden altar of the Shining One.
   350 | D        | Got the +2 morningstar "Zoimut" {flame, rF+}
   394 | D        | Noticed an orc warrior
   394 | D        | Noticed a wraith
   394 | D        | Noticed a troll
   394 | D        | Noticed a yak
   394 | D        | Noticed a yak
   394 | D        | Noticed a hornet
   402 | D        | Paralysed by a hornet for 3 turns
   403 | D        | HP: 2/52 [hornet (4)]
   407 | D        | Killed a hornet
   407 | D        | Reached * piety under Okawaru
   408 | D        | Reached XP level 6. HP: 32/62 MP: 4/7
   417 | D        | Killed a yak
   418 | D        | Reached XP level 7. HP: 32/70 MP: 4/9
   425 | D        | Killed a yak
   426 | D        | Reached skill level 10 in Fighting
   426 | D        | Reached skill level 10 in Axes
   426 | D        | Reached skill level 5 in Invocations
   431 | D        | Killed a troll
   431 | D        | Reached ** piety under Okawaru
   432 | D        | Reached skill level 10 in Dodging
   439 | D        | Killed a wraith
   440 | D        | Reached XP level 8. HP: 18/82 MP: 4/11
   735 | D        | Noticed a centaur warrior
   735 | D        | Noticed a centaur warrior
   735 | D        | Noticed a manticore
   735 | D        | Noticed a cyclops
   744 | D        | Killed a cyclops
   744 | D        | Reached *** piety under Okawaru
   755 | D        | Killed a manticore
   755 | D        | Reached **** piety under Okawaru
   756 | D        | Reached XP level 9. HP: 74/93 MP: 11/14
   762 | D        | Killed a centaur warrior
   762 | D        | Reached ***** piety under Okawaru
   763 | D        | Reached skill level 10 in Invocations
   775 | D        | Killed a centaur warrior
   776 | D        | Reached skill level 15 in Axes
  1025 | D        | Noticed a six-headed hydra
  1025 | D        | Noticed a komodo dragon
  1026 | D        | Noticed a cane toad
  1033 | D        | Killed a komodo dragon
  1034 | D        | Reached skill level 15 in Fighting
  1038 | D        | Killed an 11-headed hydra
  1039 | D        | Reached XP level 10. HP: 64/106 MP: 8/16
  1050 | D        | Killed a cane toad
  1062 | D        | Reached skill level 5 in Throwing
  1240 | D        | Noticed a black mamba
  1246 | D        | Noticed a black mamba
  1249 | D        | Killed a black mamba
  1250 | D        | Noticed a cane toad
  1253 | D        | Noticed a death yak
  1261 | D        | Received a gift from Okawaru
  1265 | D        | Killed a black mamba
  1274 | D        | Killed a death yak
  1275 | D        | Reached skill level 10 in Armour
  1277 | D        | Killed a cane toad
  1277 | D        | Received a gift from Okawaru
  1573 | D        | Reached XP level 11. HP: 98/116 MP: 12/17
  1579 | D        | Received a gift from Okawaru
  1637 | D        | Noticed Joseph
  1648 | D        | Killed Joseph
  1788 | D        | Received a gift from Okawaru
  1814 | D        | Received a gift from Okawaru
  1872 | D        | Found Wor Jain's Magic Scroll Boutique.
  1872 | D        | Noticed a two-headed ogre
  1872 | D        | Noticed an ogre mage
  1872 | D        | Noticed a two-headed ogre
  1874 | D        | Noticed an ogre mage
  1877 | D        | Killed a two-headed ogre
  1881 | D        | Killed an ogre mage
  1882 | D        | Found Xuulem's Antique Weapon Shop.
  1885 | D        | Killed a two-headed ogre
  1885 | D        | Reached ****** piety under Okawaru
  1885 | D        | Received a gift from Okawaru
  1888 | D        | Found Zumolico's Antique Weapon Boutique.
  1894 | D        | Killed an ogre mage
  1895 | D        | Noticed an ogre mage
  1898 | D        | Found Puimyenn's Assorted Antiques.
  1898 | D        | Noticed an ogre mage
  1905 | D        | Killed an ogre mage
  1906 | D        | Noticed an ogre mage
  1907 | D        | Noticed a two-headed ogre
  1918 | D        | Killed an ogre mage
  1919 | D        | Noticed an ogre mage
  1931 | D        | Killed an ogre mage
  1932 | D        | Reached skill level 10 in Throwing
  1935 | D        | Killed a two-headed ogre
  1935 | D        | Received a gift from Okawaru
  1937 | D        | Killed an ogre mage
  1986 | D        | Bought a fuming sapphire potion for 25 gold pieces
  1992 | D        | Bought a scroll of blinking for 105 gold pieces
  2202 | D        | Got the +9 plate armour of Qujoeng {rC- Str+7 Dex+2 SInv}
  2228 | D        | Noticed a purple ugly thing
  2228 | D        | Noticed a white ugly thing
  2228 | D        | Noticed a white ugly thing
  2228 | D        | Noticed a white ugly thing
  2232 | D        | Reached XP level 12. HP: 128/128 MP: 10/18
  2232 | D        | Noticed a boulder beetle
  2247 | D        | Reached skill level 15 in Dodging
  2251 | D        | Noticed a stone giant
  2254 | D        | Killed a boulder beetle
  2258 | D        | Noticed a stone giant
  2259 | D        | Noticed a frost giant
  2262 | D        | Noticed a deep troll earth mage
  2271 | D        | Killed a stone giant
  2271 | D        | Identified the +5 quarterstaff of Courage {spect, rN+ MP+9
                  | Str+2 Dex+2} (Okawaru gifted it to you in the Dungeon)
  2271 | D        | Received a gift from Okawaru
  2279 | D        | Killed a stone giant
  2288 | D        | Killed a frost giant
  2300 | D        | Killed a deep troll earth mage
  2665 | D        | Noticed an alligator
  2675 | D        | Received a gift from Okawaru
  2679 | D        | Killed an alligator
  2680 | D        | Reached skill level 15 in Armour
  2680 | D        | Reached XP level 13. HP: 108/140 MP: 12/19
  2702 | D        | Received a gift from Okawaru
  2869 | D        | Received a gift from Okawaru
  3060 | D        | Received a gift from Okawaru
  3436 | D        | Noticed a merfolk impaler
  3449 | D        | Killed a merfolk impaler
  3449 | D        | Received a gift from Okawaru
  3472 | D        | Received a gift from Okawaru
  3648 | D        | Noticed Erolcha
  3656 | D        | Killed Erolcha
  3661 | D        | Identified the +2 cloak of the Jackalope {Rampage Regen+
                  | Dex-5 Stlth+} (Okawaru gifted it to you in the Dungeon)
  3661 | D        | Received a gift from Okawaru
  3671 | D        | Noticed a spark wasp
  3682 | D        | Killed a spark wasp
  3695 | D        | Noticed Rupert
  3701 | D        | Paralysed by Rupert for 4 turns
  3713 | D        | Killed Rupert
  4021 | D        | Noticed an ettin
  4021 | D        | Noticed an ettin
  4021 | D        | Noticed a tengu reaver
  4032 | D        | Killed an ettin
  4039 | D        | Killed a tengu reaver
  4040 | D        | Reached skill level 15 in Throwing
  4040 | D        | Noticed a frost giant
  4042 | D        | Noticed a stone giant
  4042 | D        | Killed an ettin
  4050 | D        | Killed a frost giant
  4051 | D        | Reached XP level 14. HP: 76/155 MP: 14/20
  4057 | D        | Killed a stone giant
  4069 | D        | Noticed a white very ugly thing
  4073 | D        | Noticed a brown very ugly thing
  4074 | D        | Identified the +1 battleaxe of the Dead {freeze, rN+}
                  | (Okawaru gifted it to you in the Dungeon)
  4074 | D        | Received a gift from Okawaru
  4080 | D        | Killed a white very ugly thing
  4080 | D        | Killed a white very ugly thing
  4471 | D        | Noticed a white very ugly thing
  4481 | D        | Killed a white very ugly thing
  4481 | D        | Noticed an ironbound thunderhulk
  4488 | D        | Killed an ironbound thunderhulk
  4869 | D        | Noticed a vault warden
  4880 | D        | Killed a vault warden
  4880 | D        | Received a gift from Okawaru
  4888 | D        | Noticed an ironbound preserver
  4895 | D        | Killed an ironbound preserver
  4925 | D        | Noticed a cyan very ugly thing
  4925 | D        | Noticed a vault warden
  4928 | D        | Noticed a vault warden
  4932 | D        | Noticed a vault warden
  4942 | D        | Killed a cyan very ugly thing
  4945 | D        | Noticed an ironbound preserver
  4949 | D        | Killed a vault warden
  4950 | D        | Noticed an ironbound preserver
  4951 | D        | Noticed a brown very ugly thing
  4954 | D        | Killed a vault warden
  4964 | D        | Killed an ironbound preserver
  4965 | D        | Killed a vault warden
  4965 | D        | Received a gift from Okawaru
  4969 | D        | Killed an ironbound preserver
  4978 | D        | Killed a brown very ugly thing
  4978 | D        | Received a gift from Okawaru
  5546 | D        | Noticed Nikola
  5560 | D        | Killed Nikola
  5979 | D        | Noticed a nagaraja
  5979 | D        | Noticed a nagaraja
  5986 | D        | Noticed a nagaraja
  5988 | D        | Noticed a nagaraja
  5993 | D        | Killed a nagaraja
  6000 | D        | Killed a nagaraja
  6013 | D        | Killed a nagaraja
  6020 | D        | Killed a nagaraja
  6025 | D        | Reached skill level 5 in Shields
  6031 | D        | Reached XP level 15. HP: 72/168 MP: 16/21
  6044 | D        | Got a serpentine rune of Zot
  6391 | D        | Received a gift from Okawaru
  6425 | D        | Noticed an emperor scorpion
  6433 | D        | Killed an emperor scorpion
  6443 | D        | Identified the +0 chain mail of the Garden {rC+++ Str+4
                  | Stlth-} (Okawaru gifted it to you in the Dungeon)
  6443 | D        | Received a gift from Okawaru
  6462 | D        | Got a gossamer rune of Zot
  6573 | D        | Noticed Ilsuiw
  6622 | D        | Killed Ilsuiw
  6664 | D        | Got a barnacled rune of Zot
  7038 | D        | Reached skill level 10 in Shields
  7068 | D        | Got a decaying rune of Zot
  7177 | D        | Noticed Mara
  7178 | D        | Noticed fozzywoppz's illusion
  7180 | D        | Noticed Jory
  7209 | D        | Noticed fozzywoppz's illusion
  7211 | D        | Killed Jory
  7221 | D        | HP: 8/171 [Mara (illusionary)/bolt of fire (18)]
  7251 | D        | HP: 2/171 [fozzywoppz's illusion (illusionary)[Mara] (29)]
  7255 | D        | Slain by fozzywoppz's illusion (illusionary)

Illustrated notes

Levels and vault maps discovered:
D:        linesprint [early_d, line_temple, items_1, d_10, items_2, lair_1,
          lair_end, items_3, orc_1, orc_end, items_4, d_15, swamp_1, shoals_1,
          snake_1, spider_1, d_20, vaults_1, items_5, swamp_end, shoals_end,
          snake_end, spider_end, vaults_end, d_27, items_6, zot_1, zot_end,
          crypt_end, forest_end, elf_end, slime_end, tomb_end, abyss_end,
          pan_hell_end]

Skill      XL: |  1  2  3  4  5  6  7  8  9 10 11 12 13 14 15 |
---------------+----------------------------------------------+-----
Armour         | 2 5 6 7 10 12 15 18 20 22 | 22.3
Fighting       | 3 5 7 8 9 11 13 15 16 18 20 22 24 25 | 25.9
Axes           | 4 6 7 9 11 13 15 16 18 20 22 24 25 | 25.9
Dodging        | 4 5 7 8 9 10 12 14 16 18 21 22 | 22.4
Invocations    | 3 4 6 9 10 | 10.0
Throwing       | 3 7 10 12 15 17 19 | 19.2
Shields        | 5 10 | 10.9

Action                   |  1- 3 |  4- 6 |  7- 9 | 10-12 | 13-15 || total
-------------------------+-------+-------+-------+-------+-------++-------
Melee: War axe           |    13 |    24 |    64 |       |       ||   101
       Punch             |     1 |     1 |     4 |     5 |       ||    11
       Headbutt          |       |     4 |    19 |    75 |   125 ||   223
       Broad axe         |       |       |    11 |   257 |       ||   268
       Battleaxe         |       |       |       |    47 |   519 ||   566
Throw: Javelin           |       |       |       |     3 |    22 ||    25
       Throwing net      |       |       |       |       |     1 ||     1
       Boomerang         |       |       |       |       |     3 ||     3
Invok: Heroism           |       |       |     3 |     5 |     9 ||    17
       Finesse           |       |       |     1 |     6 |    12 ||    19
  Use: Potion            |     1 |     3 |       |       |    12 ||    16
       Scroll            |       |       |       |     4 |     7 ||    11
 Stab: Held in net/web   |       |       |       |       |     3 ||     3
Armor: Leather armour    |     2 |       |       |       |       ||     2
       Chain mail        |       |    11 |    39 |    34 |    55 ||   139
       Plate armour      |       |       |       |    47 |   127 ||   174
Dodge: Dodged            |     8 |     6 |    37 |   102 |   294 ||   447
